Map: Dusk Towers

Players

llllllllllll

  • Race: Zerg Zerg
  • League: Master

State - Winner!

  • Race: Protoss Protoss
  • League: Grandmaster

VOD

Have the link to the VOD?

Description

Time

  • Played on: Jan. 6, 2016, 3:03 a.m.
  • Length: 9:51
Show
View Real Time Build Order
Export as new Build Order

llllllllllll Zerg 

Build Orders: Hatch First, Lurkers 

Get SALT Encoding   

  12  0:00  Drone  
  13  0:14  Overlord  
  13  0:21  Drone  
  14  0:32  Drone x2  
  16  0:38  Drone  
  17  0:53  Hatchery  
  16  1:00  Drone x2  
  18  1:08  Extractor  
  18  1:10  Drone  
  18  1:19  Spawning Pool  
  18  1:22  Drone  
  18  1:30  Drone  
  19  1:43  Overlord  
  19  1:54  Drone  
  20  2:06  Queen x2  
  20  2:07  Drone, Zergling x2  
  26  2:12  Metabolic Boost  
  26  2:14  Drone  
  27  2:16  Drone  
  28  2:30  Drone x2  
  30  2:40  Overlord  
  30  2:41  Drone  
  31  2:46  Drone  
  32  2:57  Hatchery, Pneumatized Carapace  
  31  2:59  Drone  
  31  3:01  Drone  
  33  3:13  Drone x2  
  33  3:18  Drone x3  
  33  3:19  Overlord  
  38  3:21  Drone x2  
  38  3:22  Drone  
  38  3:24  Drone  
  42  3:29  Drone  
  43  3:40  Queen x2  
  46  3:48  Drone x6  
  52  3:54  Overlord x2  
  52  4:12  Queen  
  52  4:14  Zergling x4  
  52  4:15  Drone  
  52  4:16  Drone x3  
  60  4:17  Lair  
  60  4:20  Overlord x2  
  60  4:24  Drone  
  60  4:25  Drone x3  
  60  4:26  Drone  
  60  4:29  Spore Crawler  
  60  4:30  Spore Crawler  
  63  4:32  Spore Crawler, Drone  
  63  4:39  Drone x4  
  63  4:42  Extractor  
  63  4:43  Extractor  
  63  4:44  Evolution Chamber  
  64  4:46  Drone  
  64  4:48  Drone, Queen  
  64  4:52  Drone x2  
  70  4:53  Drone x3  
  70  4:56  Drone x2  
  70  4:57  Drone  
  70  4:58  Drone  
  77  5:01  Extractor  
  77  5:04  Drone x3  
  79  5:10  Zerg Melee Weapons Level 1  
  79  5:12  Extractor x2  
  77  5:15  Drone x3  
  77  5:17  Overlord  
  80  5:21  Hydralisk Den  
  80  5:22  Hatchery  
  80  5:28  Drone x3  
  79  5:29  Drone x3  
  82  5:36  Drone x2  
  82  5:37  Evolution Chamber  
  82  5:38  Drone  
  84  5:46  Drone x2  
  84  5:47  Drone  
  86  5:54  Overlord, Muscular Augments  
  86  5:56  Overlord x2  
  86  5:57  Hatchery  
  86  6:03  Zerg Ground Armor Level 1  
  85  6:06  Overlord x2  
  85  6:09  Hydralisk x2  
  89  6:12  Hydralisk  
  89  6:14  Hydralisk x3  
  97  6:19  Hydralisk  
  97  6:20  Hydralisk  
  101  6:26  Hydralisk x4  
  108  6:36  Hydralisk  
  108  6:37  Hydralisk x4  
  112  6:51  Hydralisk x5  
  116  6:57  Drone x8  
  124  7:02  Drone x2  
  124  7:03  Infestation Pit  
  125  7:12  Drone x3  
  125  7:15  Extractor  
  127  7:18  Extractor  
  127  7:20  Spore Crawler, Drone x2  
  127  7:22  Lurker Den  
  127  7:23  Spire  
  127  7:26  Hatchery  
  127  7:28  Zergling x10  
  130  7:34  Zergling x12  
  136  7:50  Infestor x2  
  140  7:51  Overlord x4  
  140  7:52  Overlord  
  140  7:55  Zergling x2  
  141  7:58  Overlord  
  141  8:08  Overlord x2  
  141  8:11  Zergling x30  
  141  8:12  Zergling x2  
  156  8:18  Zergling x2  
  149  8:32  Hatchery, Infestor  
  149  8:33  Infestor x3  
  158  8:36  Drone x4  
  158  8:37  Drone x2  
  160  8:51  Drone x5  
  160  8:53  Drone x2  
  160  8:55  Drone  
  167  9:05  Lurker x4  
  167  9:08  Zergling x12  
  167  9:09  Zergling x6  
  181  9:17  Zergling x8  
  171  9:28  Zergling x18  
Show
View Real Time Build Order
Export as new Build Order

State Protoss - Winner!

Build Orders: 1 Gate Expand, Phoenix Opening, Zealot Archon 

Get SALT Encoding   

  12  0:03  Probe (Chrono Boost)  
  13  0:13  Probe (Chrono Boost)  
  14  0:19  Pylon  
  14  0:24  Probe (Chrono Boost)  
  15  0:37  Probe (Chrono Boost)  
  15  0:38  Gateway  
  16  0:43  Assimilator  
  16  0:48  Probe (Chrono Boost)  
  17  0:58  Probe (Chrono Boost)  
  18  1:10  Probe (Chrono Boost)  
  19  1:18  Nexus  
  19  1:28  Cybernetics Core  
  19  1:31  Probe (Chrono Boost)  
  20  1:37  Assimilator  
  20  1:41  Probe (Chrono Boost)  
  21  1:49  Pylon  
  21  1:52  Probe (Chrono Boost)  
  22  2:02  Probe (Chrono Boost)  
  22  2:08  Warp Gate  
  25  2:09  Stalker (Chrono Boost)  
  25  2:13  Probe  
  26  2:25  Probe  
  26  2:29  Probe  
  27  2:33  Stargate  
  28  2:37  Probe  
  28  2:38  Adept (Chrono Boost)  
  28  2:40  Probe  
  32  2:50  Probe x2  
  34  3:01  Probe  
  34  3:02  Mothership Core (Chrono Boost)  
  34  3:04  Adept (Chrono Boost)  
  39  3:09  Pylon  
  39  3:14  Probe (Chrono Boost), Phoenix  
  42  3:22  Probe (Chrono Boost)  
  42  3:26  Probe (Chrono Boost)  
  44  3:33  Probe (Chrono Boost)  
  45  3:35  Phoenix  
  45  3:38  Probe (Chrono Boost)  
  48  3:43  Probe (Chrono Boost)  
  49  3:49  Nexus  
  49  3:51  Probe (Chrono Boost)  
  49  3:54  Probe (Chrono Boost)  
  51  3:58  Pylon  
  51  4:00  Phoenix  
  52  4:03  Probe (Chrono Boost)  
  52  4:08  Pylon  
  54  4:16  Probe (Chrono Boost)  
  55  4:20  Gateway  
  55  4:21  Gateway  
  55  4:22  Probe (Chrono Boost)  
  55  4:24  Phoenix  
  56  4:27  Probe (Chrono Boost)  
  59  4:34  Probe (Chrono Boost)  
  59  4:35  Pylon  
  59  4:38  Probe (Chrono Boost)  
  62  4:46  Twilight Council, Probe (Chrono Boost)  
  62  4:48  Probe (Chrono Boost)  
  62  4:51  Robotics Facility  
  63  4:55  Assimilator  
  63  4:58  Probe (Chrono Boost)  
  63  4:59  Probe (Chrono Boost)  
  65  5:00  Assimilator  
  65  5:06  Probe (Chrono Boost)  
  66  5:09  Probe (Chrono Boost), Phoenix  
  66  5:10  Probe (Chrono Boost)  
  70  5:16  Probe (Chrono Boost)  
  70  5:20  Probe (Chrono Boost)  
  73  5:22  Probe (Chrono Boost)  
  73  5:24  Gateway  
  73  5:25  Gateway  
  73  5:27  Probe (Chrono Boost)  
  74  5:30  Probe (Chrono Boost)  
  74  5:33  Probe (Chrono Boost)  
  74  5:34  Gateway  
  74  5:35  Gateway, Charge  
  76  5:37  Immortal (Chrono Boost), Probe (Chrono Boost)  
  76  5:41  Probe (Chrono Boost)  
  82  5:46  Probe (Chrono Boost)  
  82  5:49  Probe (Chrono Boost)  
  84  5:53  Probe (Chrono Boost), Assimilator  
  84  5:54  Assimilator  
  84  5:56  Pylon  
  85  5:59  Gateway  
  85  6:03  Gateway  
  85  6:08  Forge  
  85  6:11  Immortal  
  85  6:12  Probe (Chrono Boost)  
  85  6:14  Probe (Chrono Boost)  
  85  6:16  Probe (Chrono Boost)  
  92  6:20  Pylon  
  92  6:21  Pylon  
  91  6:31  Gateway x2  
  91  6:32  Templar Archives  
  91  6:35  Probe (Chrono Boost)  
  91  6:37  Zealot x4  
  100  6:49  Warp Prism  
  100  6:56  Protoss Ground Weapons Level 1 (Chrono Boost)  
  100  7:02  Zealot x3  
  100  7:03  Zealot x3  
  112  7:09  Pylon  
  112  7:10  Pylon  
  112  7:11  Pylon  
  112  7:12  Pylon  
  112  7:15  Pylon  
  112  7:17  Pylon  
  112  7:22  High Templar x2  
  116  7:27  Archon  
  116  7:31  High Templar x4  
  116  7:32  Zealot x3  
  130  7:37  Archon x2, Blink  
  130  7:40  Observer  
  130  7:43  Probe  
  132  7:51  Pylon  
  132  7:53  Zealot x5  
  132  7:57  Zealot x2  
  146  8:10  Zealot x4  
  154  8:12  Warp Prism  
  146  8:26  Zealot x6  
  146  8:27  Zealot, High Templar x2  
  158  8:34  Nexus  
  158  8:36  Archon  
  158  8:37  Pylon  
  158  8:39  High Templar x2  
  162  8:43  Archon  
  162  8:44  Pylon  
  162  8:46  Pylon  
  162  8:49  High Templar x2  
  162  8:50  Zealot x3  
  162  8:53  Pylon  
  162  8:54  Archon  
  172  9:03  Probe  
  172  9:08  Stalker x4  
  181  9:10  Probe  
  182  9:21  Stalker x5  
  182  9:22  Stalker x2  
  168  9:34  Stalker x4  
Tags
 
Add a new tag
Caveats
  • Supply blocks, unpowered buildings, or Contaminate may cause inaccurate times.
  • Supply counts are checked every 10 seconds.